AoeStats
← 太阳当空照

Arena

509128807Analyzed
4v4 RM · 8d ago on Sep 25, 2026· 56m 51s· 8 players
Game mode
Random Map
Map size
Large (8 player)
Population
200
Speed
Normal
Resources
Standard
Victory
Conquest
Starting age
Dark Age
Ending age
Imperial Age
RankedLock teamsTeams togetherTeam positionsShared explorationLock speedFull tech treeHidden civsTurbo modeCheats
Victory
Defeat
🇯🇵 Khmer · Japan
1269
+13
🇯🇵 Hindustanis · Japan
1220
+15
🇹🇷 Saracens · Türkiye
1179
+17
🇯🇵 Spanish · Japan
1158
+19
🇨🇳 Spanish · China
1241
-17
🇨🇳 Bohemians · China
1230
-17
🇨🇳 Franks · China
1229
-17
🇨🇳 Persians · China
1126
-13
小虾米
10:40 Feudal Age
14:32 Castle Age
12:56 Double-Bit Axe
13:01 Horse Collar
13:54 Fletching
14:07 Padded Archer Armor
14:47 Loom
15:48 Leather Archer Armor
15:47 Bow Saw
646257513
10:40 Feudal Age
15:20 Castle Age
13:34 Town Watch
13:55 Loom
33:40 Imperial Age
31:48 Wheelbarrow
34:16 Hand Cart
39:12 Chemistry
38:27 Town Patrol
40:09 Ballistics
39:59 Fletching
40:09 Padded Archer Armor
41:12 Bodkin Arrow
42:44 Bracer
48:06 Conscription
10001
4:33 Loom
11:46 Feudal Age
16:08 Castle Age
15:17 Double-Bit Axe
19:01 Wheelbarrow
24:53 Fletching
25:50 Hand Cart
26:25 Bow Saw
26:03 Town Watch
26:31 Town Watch
27:47 Town Patrol
28:20 Horse Collar
29:02 Heavy Plow
30:17 Gold Mining
35:20 Imperial Age
32:45 Stone Mining
33:04 Squires
32:50 Arson
32:25 Pikeman
33:26 Scale Barding Armor
33:26 Gambesons
33:52 Scale Mail Armor
34:55 Gold Shaft Mining
34:58 Stone Shaft Mining
34:58 Forging
35:32 Ballistics
35:23 Masonry
35:09 Murder Holes
36:10 Chain Mail Armor
36:31 Iron Casting
37:22 Iron Casting
37:56 Chemistry
36:19 Halberdier
37:42 Husbandry
37:52 Bloodlines
37:03 Cavalier
38:57 Plate Mail Armor
38:51 Chain Barding Armor
40:12 Blast Furnace
40:43 Plate Barding Armor
40:12 Padded Archer Armor
41:10 Conscription
41:02 Citadels
41:39 Savar
43:13 Bodkin Arrow
47:03 Conscription
47:23 Hoardings
太阳当空照
10:17 Feudal Age
14:47 Castle Age
12:58 Double-Bit Axe
19:04 Wheelbarrow
18:15 Loom
22:01 Hand Cart
21:59 Gold Mining
27:03 Imperial Age
26:17 Forging
26:12 Scale Barding Armor
28:11 Iron Casting
27:54 Husbandry
27:15 Cavalier
29:28 Paladin
30:37 Chain Barding Armor
31:38 Blast Furnace
31:30 Gold Shaft Mining
33:26 Plate Barding Armor
41:09 Padded Archer Armor
45:53 Light Cavalry
Anago
11:14 Feudal Age
14:34 Castle Age
12:17 Horse Collar
13:46 Double-Bit Axe
16:26 Loom
18:09 Scale Barding Armor
18:43 Husbandry
20:22 Chain Barding Armor
24:54 Wheelbarrow
24:05 Town Watch
26:06 Town Patrol
30:03 Bow Saw
31:04 Heavy Plow
33:01 Hand Cart
37:43 Imperial Age
38:24 Ballistics
38:15 Fortified Wall
38:16 Masonry
38:03 Murder Holes
39:15 Crop Rotation
39:44 Conscription
39:26 Double Crossbow
39:27 Heavy Scorpion
41:15 Siege Engineers
42:12 Chemistry
49:32 Capped Ram
50:38 Siege Ram
56:09 Spies/Treason
tanuki0912
10:36 Feudal Age
14:36 Castle Age
13:52 Double-Bit Axe
13:49 Horse Collar
25:52 Heavy Plow
26:28 Loom
31:46 Imperial Age
29:41 Bloodlines
30:20 Husbandry
30:46 Bow Saw
30:34 Gold Mining
30:53 Fletching
31:03 Padded Archer Armor
32:14 Gold Shaft Mining
32:37 Ballistics
32:16 Bodkin Arrow
32:36 Leather Archer Armor
32:37 Stone Mining
34:04 Chemistry
33:07 Heavy Camel Rider
35:39 Wheelbarrow
36:09 Thumb Ring
37:42 Stone Shaft Mining
37:44 Leather Archer Armor
38:38 Conscription
40:13 Scale Barding Armor
40:18 Forging
40:11 Bracer
40:41 Ring Archer Armor
41:08 Siege Engineers
40:45 Imperial Camel Rider
43:20 Chain Barding Armor
43:35 Iron Casting
46:50 Hand Cart
48:57 Plate Barding Armor
49:22 Blast Furnace
bulger97
3:54 Loom
11:56 Feudal Age
15:55 Castle Age
14:21 Double-Bit Axe
14:18 Horse Collar
15:39 Stone Mining
19:17 Bow Saw
19:29 Heavy Plow
21:28 Gold Mining
27:12 Wheelbarrow
30:43 Imperial Age
30:10 Gold Shaft Mining
30:33 Hand Cart
30:51 Scale Barding Armor
31:50 Conscription
30:54 Elite Mameluke
31:39 Husbandry
31:49 Bloodlines
32:33 Chain Barding Armor
32:56 Forging
34:50 Chemistry
34:10 Ballistics
36:21 Two-Man Saw
36:53 Iron Casting
37:36 Plate Barding Armor
37:25 Ballistics
39:35 Blast Furnace
47:05 Town Watch
Norisuke
11:14 Feudal Age
15:10 Castle Age
13:54 Stone Mining
14:03 Double-Bit Axe
14:53 Loom
17:50 Fletching
19:45 Wheelbarrow
19:14 Horse Collar
24:11 Bow Saw
24:04 Gold Mining
26:12 Heavy Plow
29:13 Bloodlines
35:46 Imperial Age
39:31 Cavalier
45:04 Husbandry
45:13 Scale Barding Armor
47:14 Chain Barding Armor
47:55 Two-Man Saw
46:41 Paladin
47:51 Forging
48:31 Plate Barding Armor
47:52 Bodkin Arrow
49:27 Iron Casting
51:36 Bracer
53:45 Blast Furnace
55:02 Padded Archer Armor
54:50 Town Watch
55:21 Hand Cart
Connection lost

Rejoining the realm…

Still unreachable

The connection could not be restored.

Session expired

The server has moved on; the page needs a fresh start.